 Dungeon Crawl Stone Soup version 0.31.0-11-ge490571c62 (webtiles) character file.

Game seed: 12646306694143908923

44 Killerpretzel the Changeling (level 3, 0/24 HPs)
             Began as an Octopode Shapeshifter on Feb 7, 2024.
             Killed from afar by Sigmund (9 damage)
             ... with a magic dart
             ... on level 2 of the Dungeon.
             The game lasted 00:02:38 (985 turns).

Killerpretzel the Changeling (Octopode Shapeshifter) Turns: 985, Time: 00:02:39

Health: 0/24       AC:  1    Str: 13    XL:     3   Next: 60%
Magic:  3/3        EV: 14    Int: 12    God:
Gold:   93         SH:  0    Dex: 19    Spells: 2/2 levels left

rFire   . .          .
                       - Unarmed
rCold   . . .        (no shield)
rNeg    . . .        (helmet currently unavailable)
rPois   .            i - amulet of reflection
rElec   .            f - +6 ring of dexterity
rCorr   .            (no ring)
SInv    .            (no ring)
Will    .....        (no ring)
Stlth   ++           (no ring)
HPRegen 0.24/turn    (no ring)
MPRegen 0.08/turn    (no ring)
                     (no ring)

%: reflection
@: confused, beast-form
A: beast (slay +2), almost no armour, amphibious, 8 rings, camouflage 1,
gelatinous body 1, (nimble swimmer 1), tentacles
a: Begin Untransformation


You were on level 2 of the Dungeon.
You were a hulking beast.
You visited 1 branch of the dungeon, and saw 2 of its levels.

You collected 93 gold pieces.

Inventory:

Jewellery
 f - a +6 ring of dexterity (left tentacle)
 i - an amulet of reflection (around mantle)
Talismans
 b - a beast talisman
 c - a flux talisman
Scrolls
 d - a scroll of revelation
 g - a scroll of identify {unknown}
Potions
 a - a potion of lignification
 e - 2 potions of resistance {unknown}
 h - 2 potions of enlightenment {unknown}


   Skills:
 + Level 1.6 Fighting
 + Level 2.4 Dodging
 + Level 3.3 Unarmed Combat
 * Level 3.5 Shapeshifting


You had 2 spell levels left.
You didn't know any spells.
Your spell library was empty.

Dungeon Overview and Level Annotations

Branches:
Dungeon (2/15)

Altars:

Annotations:
D:2 Sigmund


Innate Abilities, Weirdness & Mutations

You are a hulking beast.
Your limbs bulge with bestial killing power. (Slay +2)
You cannot wear most types of armour.
You are amphibious.
You can wear up to eight rings at the same time.
Your skin changes colour to match your surroundings (Stealth+).
Your rubbery body absorbs attacks. (AC +1, EV +1)
((You are camouflaged when in or above water. (Stealth+)))
You have tentacles for arms and can constrict up to eight enemies at once.


Message History

Things that are here:
a jackal corpse; a jackal corpse You now have 93 gold pieces (gained 9).
g - a scroll labelled OFOLUIBA ULYUH No target in view!
There is a stone staircase leading down here.
There is an open door here.
There is an open door here.
There is a stone staircase leading down here.
i - an amulet of reflection No target in view!
You start putting on your amulet.
You continue putting on your amulet of reflection. x5
You finish putting on your amulet of reflection.
You feel a shielding aura gather around you.
i - an amulet of reflection (around mantle) No target in view!
Sigmund and a quokka come into view.
Sigmund shouts!
Sigmund points at you and mumbles some strange words.
You resist with significant effort.
There are monsters nearby!
Sigmund is nearby!
Sigmund casts a spell at you. The magic dart hits you!
Sigmund gestures at you while chanting. The puff of flame hits you!
Ouch! That really hurt!
* * * LOW HITPOINT WARNING * * *
Sigmund casts a spell at you. You resist with significant effort.
Sigmund points at you and mumbles some strange words.
You are confused.
Sigmund gestures wildly while chanting.
Sigmund flickers and vanishes!
Deactivating autopickup; reactivate with Ctrl-A.
You bump into the rock wall.
A magic dart appears from out of thin air!
The magic dart hits you!
You die...

#####....##.#....##......####
#.......[##{#....##......#...
#........##.####.###..#..#.##
#........##.#....###.........
#......#.........>...........
#.............##.............
#######..........##.#.##.....
#.......#####.........#
#.....h<# ###.......#
#######.# #.##....# ###
###'####### #.....# #.....#
#.....# #.....# #.....#
#######


There were no monsters in sight!

Vanquished Creatures
  3 dart slugs
  4 endoplasms
  4 giant cockroaches
  3 goblins
  A hobgoblin (D:1)
  6 jackals
  2 quokkas (D:1)
  2 bats
  A frilled lizard (D:1)
  5 kobolds
  A rat (D:2)
32 creatures vanquished.

Notes
Turn   | Place    | Note
-------+----------+-------------------------------------------
     0 | D:1      | Killerpretzel the Octopode Shapeshifter began the quest for
                  | the Orb.
     0 | D:1      | Reached XP level 1. HP: 13/13 MP: 1/1
    68 | D:1      | Reached XP level 2. HP: 16/18 MP: 2/2
   344 | D:1      | Reached XP level 3. HP: 19/23 MP: 3/3
   566 | D:2      | Noticed Sigmund
   801 | D:2      | Noticed Jessica
   985 | D:2      | Killed from afar by Sigmund

Illustrated notes

Levels and vault maps discovered:
D:1:      lightli_arrival_boilingwater, layout_loops_ring
D:2:      layout_basic, uniq_sigmund, uniq_jessica

Action                     || total
---------------------------++-------
  Melee: Unarmed           ||    51
         Tentacles         ||    15
         Constrict         ||    15
    Use: Scroll            ||     2
   Stab: Sleeping          ||     5
 Armour: Skin              ||    26
  Dodge: Dodged            ||    14
